 Dungeon Crawl Stone Soup version 0.30-a0-1124-g6e8f0f562f (webtiles) character file.

Game seed: 6015809853971880344

852 backslashecho the Spear-Bearer (level 8, -14/55 HPs)
             Began as a Merfolk Gladiator on Apr 23, 2023.
             Demolished by Duvessa
             ... wielding a +0 short sword of electrocution
              (20 damage)
             ... on level 5 of the Dungeon.
             The game lasted 00:13:59 (6828 turns).

backslashecho the Spear-Bearer (Merfolk Gladiator)  Turns: 6828, Time: 00:14:00

Health: -14/55     AC:  5    Str: 16    XL:     8   Next: 1%
Magic:  8/8        EV: 15    Int: 14    God:
Gold:   249        SH:  0    Dex: 15    Spells: 7/7 levels left

rFire   . . .        b - +2 spear (venom)
rCold   . . .        (no shield)
rNeg    + . .        B - +0 leather armour
rPois   .            m - +2 hat {Will+}
rElec   .            (no cloak)
rCorr   .            (no gloves)
SInv    .            (no boots)
Will    +....        (no amulet)
Stlth   +            o - +6 ring of intelligence
HPRegen 0.29/turn    v - ring of positive energy
MPRegen 0.11/turn

%: clarity
@: no status effects
A: (nimble swimmer 2), mertail, clarity, frail 1
a: no special abilities


You were on level 5 of the Dungeon.
You visited 1 branch of the dungeon, and saw 5 of its levels.
You also visited: Sewer.

You collected 249 gold pieces.

Inventory:

Hand Weapons
 a - a +0 trident
 b - a +2 spear of venom (weapon)
 e - a +0 halberd
Missiles
 d - 2 throwing nets
 y - a javelin
 I - a curare-tipped dart
 J - 14 poisoned darts (quivered)
Armour
 m - a +2 hat of willpower (worn)
 B - a +0 leather armour (worn)
Jewellery
 o - a +6 ring of intelligence (left hand)
 v - a ring of positive energy (right hand)
Wands
 w - a wand of roots (17)
Scrolls
 c - 2 scrolls of fog {unknown}
 g - 3 scrolls of teleportation {unknown}
 h - 9 scrolls of identify {unknown}
 j - 2 scrolls of acquirement {unknown}
 l - a scroll of magic mapping {unknown}
 n - 3 scrolls of noise {unknown}
 p - a scroll of fear {unknown}
 u - a scroll of enchant armour {unknown}
 x - 2 scrolls of poison {unknown}
 C - a scroll of vulnerability {unknown}
 D - a scroll of amnesia {unknown}
 G - a scroll of brand weapon {unknown}
Potions
 f - 5 potions of mutation
 i - 3 potions of magic {unknown}
 k - 4 potions of curing
 q - 5 potions of lignification {unknown}
 r - a potion of cancellation {unknown}
 s - 4 potions of brilliance {unknown}
 t - a potion of ambrosia {unknown}
 z - 3 potions of heal wounds {unknown}
 A - a potion of invisibility {unknown}
 E - 2 potions of flight {unknown}
 F - a potion of attraction {unknown}
 H - a potion of might {unknown}


   Skills:
 + Level 5.2 Fighting
 * Level 8.9 Polearms
 - Level 2.0 Throwing
 + Level 6.9 Dodging
 - Level 1.0 Unarmed Combat


You had 7 spell levels left.
You didn't know any spells.
Your spell library contained the following spells:

 Spells                   Type           Power      Damage    Failure   Level
 Sting                    Tmut/Pois      0%         1d3       34%         1
 Poisonous Vapours        Pois/Air       0%         N/A       47%         2
 Olgreb's Toxic Radiance  Pois           0%         N/A       98%         4


Dungeon Overview and Level Annotations

Branches:
Dungeon (5/15) Zot: 23638   Sewer (visited)
 Temple: D:4-7

Altars:

Shops:
D:2 [

Annotations:
D:3 2 runed translucent doors, patfeehan111222's ghost, amateur DsBe
D:5 Dowan; Duvessa


Innate Abilities, Weirdness & Mutations

((You are very nimble when in or above water. (Stealth+, EV+, Speed+++)))
Your lower body shifts to a powerful aquatic tail in water.
You possess an exceptional clarity of mind.
You are frail. (-10% HP)


Message History

Dowan blinks!
You reach to attack!
You hit Duvessa but do no damage.
Duvessa is poisoned.
You closely miss Duvessa.
Duvessa is moderately wounded.
Duvessa misses you.
Duvessa hits you with a +0 short sword of electrocution.
You are electrocuted!
You take 16 damage, and have 39/55 hp.
MASSIVE DAMAGE!!
Duvessa hits you with a +0 short sword of electrocution.
You take 4 damage, and have 36/55 hp.
Duvessa says, "When magic and the sword combine, nothing stands against them."
Duvessa attacks as you move away! Duvessa hits you but does no damage.
Duvessa attacks as you move away! Duvessa closely misses you.
Duvessa attacks as you move away! Duvessa misses you.
Duvessa attacks as you move away!
Duvessa hits you with a +0 short sword of electrocution.
Duvessa looks more healthy.
You take 4 damage, and have 34/55 hp.
Duvessa attacks as you move away! Duvessa misses you.
Duvessa attacks as you move away!
Duvessa hits you with a +0 short sword of electrocution!
You are electrocuted!
* * * LOW HITPOINT WARNING * * *
Dowan says, "Where the sword fails, magic succeeds!"
You take 23 damage, and have 12/55 hp.
MASSIVE DAMAGE!!
Dowan barely misses you.
Dowan casts a spell.
Dowan blinks!
Dowan hits you with a +0 dagger.
* * * LOW HITPOINT WARNING * * *
You take 2 damage, and have 11/55 hp.
Dowan barely misses you. Duvessa attacks as you move away!
Duvessa barely misses you.
Dowan points at Duvessa and mumbles some strange words.
Duvessa seems to speed up.
Duvessa attacks as you move away!
Duvessa hits you with a +0 short sword of electrocution.
* * * LOW HITPOINT WARNING * * *
You are electrocuted!!
You die...

### #.. #.# #.# ####
#<# #... #.# # #.##
#.# #.####.## #.#
####...>...#
#@#####.#####.#..#
#.e..##.# ##....#
#...e##.# #..#...
####....##.####......
...............#......
######...##.##.#......
#...##.##.#.#....
#...##...........
#...##.##.#.###..


You could see Duvessa (fast) and Dowan.

Vanquished Creatures
  A black bear (D:5)
  An ogre (D:5)
  2 kobold brigands (Sewer)
  A gnoll bouda (D:4)
  An orc priest (D:3)
  A sleepcap (D:4)
  Jessica (D:2)
  An orc wizard (D:3)
  An iguana (D:5)
  15 gnolls
  7 adders
  3 river rats (Sewer)
  A white imp (D:5)
  10 worms
  A dart slug (D:2)
  9 orcs
  16 ball pythons
  9 endoplasms
  4 giant cockroaches
  7 goblins
  5 hobgoblins
  3 jackals (D:2)
  8 kobolds
  4 quokkas
  3 bats
  6 frilled lizards
  9 rats
130 creatures vanquished.

Notes
Turn   | Place    | Note
-------+----------+-------------------------------------------
     0 | D:1      | backslashecho the Merfolk Gladiator began the quest for the
                  | Orb.
     0 | D:1      | Reached XP level 1. HP: 16/16 MP: 1/1
   275 | D:1      | Reached XP level 2. HP: 17/23 MP: 2/2
   937 | D:2      | Found Plog's Armour Boutique.
  1056 | D:2      | Reached skill level 1 in Unarmed Combat
  1102 | D:2      | Reached XP level 3. HP: 24/28 MP: 3/3
  1418 | D:2      | Reached skill level 5 in Polearms
  1517 | D:2      | Reached XP level 4. HP: 31/34 MP: 4/4
  1624 | D:2      | Noticed Jessica
  1638 | D:2      | Killed Jessica
  1978 | D:2      | Reached XP level 5. HP: 38/41 MP: 5/5
  2066 | D:2      | Identified the +8 long sword "Miozutixt" {venom, rPois rF+
                  | rCorr Int-5}
  2398 | D:3      | Reached skill level 5 in Dodging
  2604 | D:3      | Reached skill level 6 in Polearms
  2888 | D:3      | Gained mutation: You are frail. (-10% HP) [potion of
                  | mutation]
  2888 | D:3      | Gained mutation: You possess an exceptional clarity of
                  | mind. [potion of mutation]
  3139 | D:3      | Found a large runed translucent door.
  3146 | D:3      | Found a large runed translucent door.
  3156 | D:3      | Noticed patfeehan111222's ghost (amateur DsBe)
  3169 | D:3      | Found a faded altar of an unknown god.
  3448 | D:3      | Reached XP level 6. HP: 40/43 MP: 6/6
  4452 | D:4      | Reached skill level 7 in Polearms
  4777 | D:4      | HP: 2/43 [gnoll/+2 spear of venom (6)]
  5353 | D:5      | Entered Level 5 of the Dungeon
  5581 | D:5      | Reached XP level 7. HP: 49/49 MP: 7/7
  5603 | D:5      | Found a glowing drain.
  5607 | Sewer    | Entered a sewer
  5820 | Sewer    | Reached skill level 8 in Polearms
  6264 | D:5      | Reached skill level 5 in Fighting
  6632 | D:5      | Reached XP level 8. HP: 15/55 MP: 8/8
  6797 | D:5      | Noticed Duvessa
  6797 | D:5      | Noticed Dowan
  6828 | D:5      | Demolished by Duvessa

Illustrated notes

Levels and vault maps discovered:
D:1:      minmay_arrival_diagonal_passages, layout_rooms, nicolae_eternal_life,
          roderic_lattice_a
D:2:      layout_basic, serial_shops, shop, uniq_jessica
D:3:      layout_basic, ebering_ghost_disaster_area,
          ebering_ecumenical_altar_sacrificial
D:4:      layout_loops_ring, serial_co_window_serial, co_window_paths_b,
          co_window_paths_a, co_window_paths_a, co_window_corner_a,
          co_window_corner_a, co_window_corner_a, co_window_corner_ca,
          co_window_2corner, co_window_cross_2, co_window_2corner,
          co_window_unsneaky_path_c, co_window_of_opportunity_c,
          co_window_paths_e, glass_columns_a, glass_columns_c, glass_columns_b,
          glass_columns_b, glass_columns_b
D:5:      layout_basic, gup_sewer_entry_spiral, uniq_duvessa

Skill      XL: |  1  2  3  4  5  6  7 |
---------------+----------------------+-----
Unarmed Combat | 1 |  1.0
Polearms       | 5 6 7 8 |  8.9
Fighting       | 3 4 5 |  5.2
Dodging        | 5 6 |  6.9
Throwing       | |  2.0

Action                     |  1- 3 |  4- 6 |  7- 9 || total
---------------------------+-------+-------+-------++-------
  Melee: Trident           |    95 |   250 |     3 ||   348
         Punch             |     1 |     4 |       ||     5
         Spear             |       |    23 |   110 ||   133
         Tailslap          |       |     2 |    10 ||    12
  Throw: Throwing net      |       |     2 |       ||     2
         Javelin           |       |     1 |       ||     1
  Evoke: Wand              |       |     1 |       ||     1
    Use: Potion            |       |     2 |       ||     2
   Stab: Sleeping          |     3 |     1 |     3 ||     7
 Armour: Leather armour    |    19 |    58 |     5 ||    82
  Dodge: Dodged            |    41 |   180 |    35 ||   256

Table legend: (Time is in decaauts)
 A = Elapsed time spent in this place.
 B = Non-inter-level travel time spent in this place.
 C = Inter-level travel time spent in this place.
 D = Time resting spent in this place.
 E = Time spent auto-exploring this place.
 F = Levels seen in this place.
 G = Mean time per level.
                   A        B        C        D        E       F      G
               +--------+--------+--------+--------+--------+-----+--------+
         Total |   6707 |   6389 |    318 |    431 |   4625 |   6 | 1117.8 |
       Dungeon |   6361 |   6043 |    318 |    431 |   4432 |   5 | 1272.2 |
         Sewer |    345 |    345 |      0 |      0 |    192 |   1 |  345.0 |
               +--------+--------+--------+--------+--------+-----+--------+

Top non-repeatable levels by time:
     D:3: 1557 daAuts
     D:4: 1500 daAuts
     D:2: 1442 daAuts
     D:1: 940 daAuts
     D:5: 921 daAuts
   Sewer: 345 daAuts
